 Dungeon Sprint DCSS version 0.28-a0-863-g8cecda6153 (webtiles) character file.

Game seed: 14650500752096075243

1103 Turgor the Fighter (level 8, 0/97 HPs)
             Began as a Troll Berserker on Nov 16, 2021.
             Was a Priest of Trog.
             Slain by a shadow (5 damage)
             ... in the Dungeon (Sprint IX: "|||||||||||||||||||||||||||||").
             The game lasted 00:02:41 (142 turns).

Turgor the Fighter (Troll Berserker)                 Turns: 142, Time: 00:02:41

Health: 0/97       AC:  5    Str: 27    XL:     8   Next: 11%
Magic:  7/7        EV: 12    Int:  7    God:    Trog [***...]
Gold:   0          SH:  0    Dex:  9    Spells: 7/7 levels left

rFire   . . .      SeeInvis .   k - +1 broad axe (freeze)
rCold   . . .      Faith    .   (no shield)
rNeg    . . .      Spirit   .   b - +0 animal skin
rPois   .          Reflect  .   (helmet restricted)
rElec   .          Harm     .   a - +0 cloak
rCorr   .          Rampage  .   (gloves unavailable)
Will    .....      NoTele   +   (boots unavailable)
Stlth   +.........              (no amulet)
HPRegen 1.26/turn               l - +3 ring of intelligence
MPRegen 0.10/turn               m - +2 ring of evasion

@: on berserk cooldown, slowed, very slow
A: large, unfitting armour, claws 3, regeneration 1, shaggy fur 1, tough skin 1
a: Renounce Religion, Berserk, Trog's Hand


You were in the Dungeon.
You worshipped Trog.
Trog was most pleased with you.
You visited 1 branch

Inventory:

Hand Weapons
 k - a +1 broad axe of freezing (weapon)
Armour
 a - a +0 cloak (worn)
 b - a +0 animal skin (worn)
Jewellery
 l - a +3 ring of intelligence (left claw)
 m - a +2 ring of evasion (right claw)
Wands
 j - a wand of iceblast (10)
Scrolls
 h - 2 scrolls of blinking
Potions
 c - 5 potions of curing
 d - 2 potions of heal wounds
 e - a potion of haste
 f - 4 potions of magic
 g - a potion of berserk rage
 i - a potion of invisibility


   Skills:
 + Level 11.0 Fighting
 + Level 11.0 Axes
 - Level 2.4 Dodging


You had 7 spell levels left.
You didn't know any spells.
Your spell library was empty.

Dungeon Overview and Level Annotations

Branches:
Dungeon (1/1)

Altars:
Cheibriados
Dithmenos
Elyvilon
Fedhas
Gozag
Hepliaklqana
Kikubaaqudgha
Makhleb
Nemelex Xobeh
Okawaru
Qazlal
Ru
Sif Muna
Trog
Uskayaw
Vehumet
Wu Jian
Xom
Yredelemnul
Zin
The Shining One
Beogh
Jiyva
Lugonu


Innate Abilities, Weirdness & Mutations

You are too large for most types of armour.
You have claws for hands.
Your natural rate of healing is unusually fast.
You are covered in fur. (AC +1)
You have tough skin. (AC +1)


Message History

The wyvern barely misses you. The wyvern bites you!
* * * LOW HITPOINT WARNING * * *
Unknown command.
The wyvern bites you!
* * * LOW HITPOINT WARNING * * *
The wyvern barely misses you.
You swap places.
Your ogre closely misses the wyvern.
The wyvern bites your ogre.
Your ogre closely misses the wyvern.
The wyvern bites your ogre!
You see here a +1 scale mail.
The wyvern bites your ogre.
Your ogre hits the wyvern with a +0 giant club!!
The wyvern bites your ogre!
Your ogre hits the wyvern with a +0 giant club!!
The wyvern dies!
Trog accepts your kill.
The shadow strikes at your ogre from the darkness!
Your ogre dies!
Your ogre's corpse disappears in a puff of smoke!
Your Fighting skill increases to level 11!
Your Axes skill increases to level 11!
You have reached level 8!
Okay, then.
You feel much better.
The shadow strikes at you from the darkness!
* * * LOW HITPOINT WARNING * * *
Reactivating autopickup.
You see here a +0 pair of gloves.
You hit the shadow but do no damage. The shadow hits you.
You hit the shadow but do no damage. The shadow hits you!
* * * LOW HITPOINT WARNING * * *
The shadow hits you.
* * * LOW HITPOINT WARNING * * *
Unknown command.
You closely miss the shadow. The shadow closely misses you.
The shadow barely misses you.
You slash the shadow!
The shadow is moderately damaged.
The shadow hits you.
You die...

▓.▓
▓.▓
▓.▓
▓.▓
▓†▓
▓.▓
▓{▓
▓W▓
▓@▓
▓.▓
▓.▓
▓)▓
▓?▓
▓.▓
▓'▓
▓_▓
▓_▓


You could see a shadow.

Vanquished Creatures
  2 komodo dragons (D)
  A troll (D)
  A necrophage (D)
  An ogre (D)
  A hound (D)
  A shadow imp (D)
  An orc (D)
  An endoplasm (D)
  A hobgoblin (D)
  A frilled lizard (D)
  A kobold (D)
  A rat (D)
13 creatures vanquished.

Vanquished Creatures (collateral kills)
  A wyvern (D)
1 creature vanquished.

Grand Total: 14 creatures vanquished

Notes
Turn   | Place    | Note
-------+----------+-------------------------------------------
     0 | D        | Turgor the Troll Berserker began the quest for the Orb.
     0 | D        | Reached XP level 1. HP: 22/22 MP: 0/0
    14 | D        | Reached ** piety under Trog
    28 | D        | Noticed a hound
    28 | D        | Noticed a necrophage
    28 | D        | Noticed an ogre
    32 | D        | Killed an ogre
    33 | D        | Reached skill level 5 in Fighting
    33 | D        | Reached skill level 5 in Axes
    33 | D        | Reached XP level 2. HP: 35/35 MP: 1/1
    33 | D        | Reached XP level 3. HP: 42/42 MP: 2/2
    33 | D        | Reached XP level 4. HP: 50/50 MP: 3/3
    43 | D        | Reached *** piety under Trog
    53 | D        | Killed a necrophage
    54 | D        | Reached XP level 5. HP: 54/62 MP: 4/4
    63 | D        | Found a snail-covered altar of Cheibriados.
    63 | D        | Found a shadowy altar of Dithmenos.
    63 | D        | Found a white marble altar of Elyvilon.
    63 | D        | Found a blossoming altar of Fedhas.
    63 | D        | Found an opulent altar of Gozag.
    64 | D        | Found a hazy altar of Hepliaklqana.
    65 | D        | Found a viscous altar of Jiyva.
    66 | D        | Found an ancient bone altar of Kikubaaqudgha.
    67 | D        | Found a corrupted altar of Lugonu.
    68 | D        | Found a burning altar of Makhleb.
    69 | D        | Found a sparkling altar of Nemelex Xobeh.
    70 | D        | Found an iron altar of Okawaru.
    71 | D        | Found a stormy altar of Qazlal.
    72 | D        | Found a sacrificial altar of Ru.
    73 | D        | Found a shimmering blue altar of Sif Muna.
    74 | D        | Found a bloodstained altar of Trog.
    75 | D        | Found a hide-covered altar of Uskayaw.
    76 | D        | Found a radiant altar of Vehumet.
    77 | D        | Found an ornate altar of the Wu Jian Council.
    78 | D        | Found a shimmering altar of Xom.
    79 | D        | Found a basalt altar of Yredelemnul.
    80 | D        | Found a glowing silver altar of Zin.
    81 | D        | Found a glowing golden altar of the Shining One.
   116 | D        | Noticed a vampire
   116 | D        | Noticed a shadow
   116 | D        | Noticed a wyvern
   116 | D        | Noticed a komodo dragon
   116 | D        | Noticed a troll
   116 | D        | Noticed a komodo dragon
   121 | D        | Killed a komodo dragon
   122 | D        | Reached XP level 6. HP: 75/75 MP: 5/5
   128 | D        | Killed a troll
   128 | D        | Reached **** piety under Trog
   129 | D        | Reached skill level 10 in Fighting
   129 | D        | Reached skill level 10 in Axes
   129 | D        | Reached XP level 7. HP: 63/85 MP: 6/6
   131 | D        | Killed a komodo dragon
   136 | D        | Killed a wyvern
   137 | D        | Reached XP level 8. HP: 12/97 MP: 7/7
   140 | D        | HP: 1/97 [shadow (6)]
   142 | D        | Slain by a shadow

Illustrated notes

Levels and vault maps discovered:
D:        linesprint [early_d, line_temple, items_1, d_10, items_2, lair_1,
          lair_end, items_3, orc_1, orc_end, items_4, d_15, swamp_1, shoals_1,
          snake_1, spider_1, d_20, vaults_1, items_5, swamp_end, shoals_end,
          snake_end, spider_end, vaults_end, d_27, items_6, zot_1, zot_end,
          crypt_end, forest_end, elf_end, slime_end, tomb_end, abyss_end,
          pan_hell_end]

Skill      XL: |  1  2  3  4  5  6  7 |
---------------+----------------------+-----
Fighting       | 5 7 9 10 11 | 11.0
Axes           | 5 7 9 10 11 | 11.0
Dodging        | |  2.4

Action                   |  1- 3 |  4- 6 |  7- 9 || total
-------------------------+-------+-------+-------++-------
Melee: Hand axe          |    21 |    24 |       ||    45
       Broad axe         |       |    11 |     7 ||    18
Invok: Berserk           |     1 |     1 |       ||     2
       Brothers in Arms  |       |       |     1 ||     1
  Use: Potion            |       |       |     1 ||     1
Armor: Animal skin       |     5 |    14 |     1 ||    20
Dodge: Dodged            |     9 |    12 |     5 ||    26

Table legend: (Time is in decaauts)
 A = Elapsed time spent in this place.
 B = Non-inter-level travel time spent in this place.
 C = Inter-level travel time spent in this place.
 D = Time resting spent in this place.
 E = Time spent auto-exploring this place.
 F = Levels seen in this place.
 G = Mean time per level.
                   A        B        C        D        E       F      G
               +--------+--------+--------+--------+--------+-----+--------+
         Total |    158 |    158 |      0 |      0 |      0 |   1 |  158.0 |
       Dungeon |    158 |    158 |      0 |      0 |      0 |   1 |  158.0 |
               +--------+--------+--------+--------+--------+-----+--------+

Top non-repeatable levels by time:
       D: 158 daAuts
